Warning! The script has encountered some errors when parsing the replay. Please report them to the . » details
0x00, prev: 0x16: 16 02 01 00 3F 51 00 00 19 0B 03 00 [00] 00 00 00 00 00 00 00 00 00 00 00 00 00 00 00 00 00 00 00 00 00 00 00 03 00 03 1F 00 12 00 00 03 00 0D 00 FF FF FF FF FF FF FF FF 22 D5 9A 44 A2 B8 11 45 FF FF FF FF FF FF FF FF 01 1F 00 12 18 00 03 00 0D 00 FF FF FF FF FF FF FF FF 56 83 A4 C2 1D E4 BB 45 FF FF FF FF FF FF FF FF
0x00, prev: 0x00: 16 02 01 00 3F 51 00 00 19 0B 03 00 00 00 00 00 00 00 00 00 00 00 00 00 00 00 00 00 00 00 00 00 00 00 [00] 00 03 00 03 1F 00 12 00 00 03 00 0D 00 FF FF FF FF FF FF FF FF 22 D5 9A 44 A2 B8 11 45 FF FF FF FF FF FF FF FF 01 1F 00 12 18 00 03 00 0D 00 FF FF FF FF FF FF FF FF 56 83 A4 C2 1D E4 BB 45 FF FF FF FF FF FF FF FF
0x00, prev: 0x02: 16 02 01 00 41 67 00 00 FC D2 00 00 00 00 00 00 00 00 00 00 00 00 00 00 00 00 00 00 00 00 00 00 00 00 00 00 02 [00] 02 0F 00 10 42 00 79 72 64 65 FF FF FF FF FF FF FF FF
0x00, prev: 0x01: 16 02 01 00 70 67 00 00 34 62 03 00 00 00 00 00 00 00 00 00 00 00 00 00 00 00 00 00 00 00 00 00 00 00 00 00 01 [00]
0x00, prev: 0x04: 16 02 01 00 B5 5B 00 00 4B C7 03 00 00 00 00 00 00 00 00 00 00 00 00 00 00 00 00 00 00 00 00 00 00 00 00 00 04 [00]
General information
- name: BNet
- type: Ladder team game (AT/RT)
- host: Battle.net
- saver: ATBackstabber
map: Goldshire
- players: 4
- length: 20:45
- speed: Fast
- version: 1.23 W3XP
- replay type: Public
» download(103 KB)
Players
team 1 (winner)
ATBackstabber (
purple | 142 APM | 2097 actions | 14:44)
6 Priestess of the Moon
3 Trueshot Aura
1 Searing Arrows
1 Scout
1 Starfall
» actions
| Assign group hotkey | 64 | |
| Basic commands | 15 | |
| Build / train | 35 | |
| ESC pressed | 1 | |
| Enter build submenu | 14 | |
| Enter hero's abilities submenu | 7 | |
| Right click | 1402 | |
| Select / deselect | 263 | |
| Select group hotkey | 264 | |
| Use ability | 32 | |
2097 total
» units
| Wisp | 11 | |
| Huntress | 11 | |
| Goblin Zeppelin | 3 | |
25 total
» upgrades
| Ultravision | 1 | |
| Nature's Blessing | 1 | |
2 total
» buildings
| Altar of Elders | 1 | |
| Moon Well | 4 | |
| Hunter's Hall | 1 | |
| Ancient of War | 3 | |
| Tree of Ages | 1 | |
| Ancient of Wonders | 1 | |
11 total
» build order
00:05 Altar of Elders
00:06 Moon Well
01:40 Hunter's Hall
01:43 Ancient of War
01:53 Moon Well
02:17 Ancient of War
02:21 Ancient of War
03:16 Moon Well
04:49 Moon Well
10:01 Tree of Ages
11:03 Ancient of Wonders
JoeyChair (
orange | 164 APM | 2416 actions | 14:43)
7 Death Knight
3 Death Coil
2 Unholy Aura
1 Animate Dead
1 Death Pact
» actions
| Assign group hotkey | 18 | |
| Basic commands | 184 | |
| Build / train | 43 | |
| ESC pressed | 3 | |
| Enter build submenu | 19 | |
| Enter hero's abilities submenu | 7 | |
| Right click | 1215 | |
| Select / deselect | 334 | |
| Select group hotkey | 500 | |
| Use ability | 93 | |
2416 total
» units
| Acolyte | 2 | |
| Ghoul | 1 | |
| Crypt Fiend | 13 | |
| Obsidian Statue | 3 | |
| Frost Wyrm | 2 | |
21 total
» upgrades
| Creature Attack | 3 | |
| Web | 1 | |
| Creature Carapace | 1 | |
| Destroyer Form | 1 | |
| Freezing Breath | 1 | |
7 total
» buildings
| Crypt | 1 | |
| Graveyard | 1 | |
| Altar of Darkness | 1 | |
| Ziggurat | 9 | |
| Tomb of Relics | 1 | |
| Nerubian Tower | 1 | |
| Halls of the Dead | 1 | |
| Spirit Tower | 2 | |
| Slaughterhouse | 2 | |
| Black Citadel | 1 | |
| Sacrificial Pit | 1 | |
| Boneyard | 1 | |
22 total
» build order
00:16 Crypt
00:22 Graveyard
00:44 Altar of Darkness
00:58 Ziggurat
01:25 Tomb of Relics
02:11 Nerubian Tower
02:18 Ziggurat
03:57 Ziggurat
04:54 Halls of the Dead
05:14 Spirit Tower
06:24 Spirit Tower
07:23 Slaughterhouse
07:24 Slaughterhouse
07:26 Ziggurat
08:02 Black Citadel
09:21 Ziggurat
09:24 Ziggurat
09:25 Ziggurat
11:03 Ziggurat
12:39 Ziggurat
» items
team 2 (loser)
ChelseaSmile (
blue | 56 APM | 828 actions | 14:42)
2 Warden
1 Fan of Knives
1 Shadow Strike
1 Priestess of the Moon
1 Trueshot Aura
» actions
| Assign group hotkey | 4 | |
| Build / train | 64 | |
| Enter build submenu | 16 | |
| Enter hero's abilities submenu | 3 | |
| Remove unit from queue | 3 | |
| Right click | 399 | |
| Select / deselect | 298 | |
| Select group hotkey | 1 | |
| Use ability | 40 | |
828 total
» units
» upgrades
| Strength of the Moon | 2 | |
| Moon Armor | 2 | |
| Strength of the Wild | 3 | |
| Reinforced Hides | 2 | |
| Abolish Magic | 1 | |
10 total
» buildings
| Altar of Elders | 1 | |
| Moon Well | 6 | |
| Ancient of War | 2 | |
| Hunter's Hall | 1 | |
| Tree of Ages | 1 | |
| Ancient Protector | 4 | |
| Ancient of Lore | 1 | |
| Tree of Eternity | 1 | |
17 total
» build order
00:08 Altar of Elders
00:10 Moon Well
00:30 Ancient of War
01:57 Hunter's Hall
02:14 Moon Well
02:50 Ancient of War
03:32 Moon Well
07:27 Tree of Ages
09:55 Moon Well
10:22 Ancient Protector
10:46 Ancient Protector
10:50 Moon Well
11:01 Ancient Protector
11:03 Ancient Protector
MLG (
yellow | 51 APM | 750 actions | 14:37)
2 Warden
1 Fan of Knives
1 Shadow Strike
» actions
| Build / train | 23 | |
| Enter build submenu | 10 | |
| Enter hero's abilities submenu | 2 | |
| Give item / drop item | 1 | |
| Remove unit from queue | 1 | |
| Right click | 457 | |
| Select / deselect | 208 | |
| Use ability | 48 | |
750 total
» units
» buildings
| Altar of Elders | 1 | |
| Moon Well | 4 | |
| Hunter's Hall | 1 | |
| Ancient of War | 1 | |
| Tree of Ages | 1 | |
| Ancient of Lore | 2 | |
10 total
» build order
00:08 Altar of Elders
00:19 Moon Well
01:29 Hunter's Hall
01:49 Ancient of War
02:00 Moon Well
02:26 Moon Well
04:06 Tree of Ages
05:01 Moon Well
07:06 Ancient of Lore
07:09 Ancient of Lore
» items
Chat log
(11:03 / All) ChelseaSmile: i try
(12:20 / All) JoeyChair: lol
(13:26 / All) ChelseaSmile: just kill me